 Dungeon Crawl Stone Soup version 0.32-a0-931-g5a2cda0630 (webtiles) character file.

Game seed: 15929295166259227732

12788 Esekla the Conjurer (level 11, -2/127 HPs)
             Began as a Demonspawn Wanderer on Apr 13, 2024.
             Was a Believer of Ashenzari.
             Slain by a white ugly thing (11 damage)
             ... in an ice cave.
             The game lasted 01:16:14 (12333 turns).

Esekla the Conjurer (Demonspawn Wanderer)          Turns: 12333, Time: 01:16:14

Health: -2/127     AC: 15    Str: 12    XL:     11   Next: 67%
Magic:  21/21      EV: 12    Int: 19    God:    Ashenzari [**....]
Gold:   496        SH:  0    Dex: 11    Spells: 19/23 levels left

rFire   . . .        e - +1 falchion (elec)
rCold   + . .        d - +3 buckler of Ashenzari's Planets {Sorc, Cun} (curse)
rNeg    . . .        H - +1 robe {Will+}
rPois   +            y - +0 helmet "Per Aspera Ad Scientiam" {Dev, Range} (curse)
rElec   .            (no cloak)
rCorr   .            E - +1 pair of gloves of Ashenzari's Adversity {rPois rC+, Melee, Comp} (curse)
SInv    +            (no boots)
Will    +....        (no amulet) Stlth
                     D - +4 ring of protection
HPRegen 0.41/turn    u - ring of Ashenzari's Seer {AC+4, Cun, Sorc} (curse)
MPRegen 0.17/turn

%: no passive effects
@: confused, berserking, ambrosia-drunk, very quick
A: hooves 1, rugged brown scales 1, foul stench 1, condensation shield
a: Renounce Religion, Shatter the Chains


You were in an ice cave.
You worshipped Ashenzari.
Ashenzari was pleased with you.
You visited 3 branches of the dungeon, and saw 13 of its levels.
You also visited: Ice Cave.

You collected 496 gold pieces.

Inventory:

Hand Weapons
 a - a +1 double sword of protection
 e - a +1 falchion of electrocution (weapon)
 r - a +2 spear of venom
 s - a +2 dagger of venom
Missiles
 h - a curare-tipped dart
 w - 6 javelins
 A - 13 boomerangs
 C - 44 poisoned darts (quivered)
 J - 4 throwing nets
Armour
 d - the cursed +3 buckler of Ashenzari's Planets (worn) {Sorc, Cun}

   It has a curse which improves the following skills: Sorcery: Conjurations and
   Alchemy.
   Cunning:   Dodging and Stealth.
 y - the cursed +0 helmet "Per Aspera Ad Scientiam" (worn) {Dev, Range}
   (You found it on level 3 of the Dungeon)

   It has a curse which improves the following skills: Devices: Evocations and
   Shapeshifting.
   Ranged Combat: Ranged Weapons and Throwing.
 E - the cursed +1 pair of gloves of Ashenzari's Adversity (worn) {rPois rC+, Melee, Comp}
   (You found it on level 4 of the Dungeon)

   rC+:       It protects you from cold.
   rPois:     It protects you from poison.
   It has a curse which improves the following skills: Melee Combat: Short
   Blades, Long Blades, Axes, Maces & Flails, Polearms, Staves and Unarmed
   Combat.
   Companions: Summonings and Necromancy.
 H - a +1 robe of willpower (worn)
Jewellery
 n - an amulet of the acrobat
 u - the cursed ring of Ashenzari's Seer (right hand) {AC+4, Cun, Sorc}
   (You found it on level 10 of the Dungeon)

   [ring of protection]

   AC+4:      It affects your AC (+4).
   It has a curse which improves the following skills: Cunning: Dodging and
   Stealth.
   Sorcery:   Conjurations and Alchemy.
 D - a +4 ring of protection (left hand)
 K - a ring of flight
Wands
 t - a wand of warping (20)
Scrolls
 f - 3 scrolls of poison
 g - a scroll of revelation
 j - 4 scrolls of enchant weapon
 l - 2 scrolls of fog
 o - 5 scrolls of teleportation
 p - 2 scrolls of silence
 F - 2 scrolls of amnesia
 G - a scroll of enchant armour
 I - a scroll of torment
Potions
 b - 2 potions of enlightenment
 c - 3 potions of mutation
 i - a potion of curing
 k - 3 potions of attraction
 m - 2 potions of brilliance
 v - 2 potions of haste
 x - a potion of might


   Skills:
 * Level 6.8 Fighting
 + Level 1.2(4.1) Short Blades
 + Level 5.7(6.9) Long Blades
 + Level 2.8(3.8) Axes
 - Level 0.3(1.9) Maces & Flails
 + Level 1.4(2.2) Throwing
 - Level 1.7 Armour
 + Level 3.5(5.1) Dodging
 + Level 4.4(6.1) Stealth
 + Level 4.9 Shields
 * Level 6.7 Spellcasting
 * Level 7.3(9.1) Conjurations
 * Level 6.1 Air Magic
 * Level 6.6(8.4) Alchemy


You had 19 spell levels left.
You knew the following spells:

 Your Spells              Type           Power      Damage    Failure   Level
a - Sting                 Conj/Alch      100%       1d9       1%          1
c - Mephitic Cloud        Conj/Alch/Air  36%        N/A       1%          3

Your spell library contained the following spells:

 Spells                   Type           Power      Damage    Failure   Level
 Swiftness                Air            29%        N/A       3%          3
 Ensorcelled Hibernation  Hex/Ice        12%        N/A       22%         2
 Passwall                 Erth           6%         N/A       38%         3


Dungeon Overview and Level Annotations

Branches:
Dungeon (11/15)            Temple (1/1) D:7            Lair (1/5) D:10
    Orc (0/2) D:9           IceCv (1/1)

Altars:
Ashenzari
Cheibriados
Dithmenos
Fedhas
Gozag
Hepliaklqana
Kikubaaqudgha
Makhleb
Nemelex Xobeh
Okawaru
Qazlal
Ru
Sif Muna
Trog
Uskayaw
Vehumet
Wu Jian
Xom
Yredelemnul

Shops:
D:7 !   D:9 *

Annotations:
D:5 2 runed translucent doors, petzl's ghost, novice FoDe
D:8 3 runed translucent doors IceCv 1 transporter, exclusion: 2 ice statues


Innate Abilities, Weirdness & Mutations

You have large cloven feet.
You are partially covered in rugged brown scales. (AC +1, +3% HP)
You may rarely emit foul miasma when damaged in melee.
A meltable shield of frost defends you. (SH +4)


Message History

You escape the anaconda simulacrum's grasp.
You block the white ugly thing's attack.
Okay, then.
The ice beast attacks as it pursues you!
You block the ice beast's attack.
The white ugly thing barely misses the anaconda simulacrum.
The white ugly thing bites itself.
You are confused.
You feel invigorated.
The white ugly thing seems less confused.
The anaconda simulacrum bites you but does no damage.
The ice beast barely misses you.
A red film seems to cover your vision as you go berserk!
You feel yourself moving faster!
You feel mighty! The anaconda simulacrum bites you!
* * * LOW HITPOINT WARNING * * *
The anaconda simulacrum freezes you! You resist.
* * * LOW HITPOINT WARNING * * *
The ice beast closely misses you. The cane toad simulacrum hits you.
* * * LOW HITPOINT WARNING * * *
The cane toad simulacrum freezes you! You resist.
* * * LOW HITPOINT WARNING * * *
You barely miss the ice beast. Your kick misses the ice beast.
The ice beast hits you but does no damage.
The cane toad simulacrum barely misses you.
You slash the cane toad simulacrum!
Lightning courses through the cane toad simulacrum!!
The cane toad simulacrum vaporises!
The ice beast hits you.
* * * LOW HITPOINT WARNING * * *
The ice beast freezes you. You resist.
* * * LOW HITPOINT WARNING * * *
You barely miss the white ugly thing.
The white ugly thing is lightly wounded.
The ice beast completely misses you.
You completely miss the white ugly thing.
You kick the white ugly thing.
The white ugly thing is lightly wounded.
The white ugly thing bites you!
You die...

#ß.........ß##
#ß.......ß##
##ßu.©..ß##
###########
##...ß©ß...##
#...?☼°./...#
##..YZZ$°....##
#...uY.!......#
#...@ß...ß....#
#....°........#
##...........##
#...........#
#...........#
##.........##
##...∩...##
##..∩..##
#######


You could see 2 ugly things, 2 ice beasts, an anaconda simulacrum and a wolf
simulacrum.

Vanquished Creatures
  Harold (D:11)
  2 two-headed ogres
  Urug (D:11)
  A manticore (D:11)
  A black mamba (D:10)
  A cane toad (D:10)
  2 rime drakes (Lair:1)
  6 trolls
  A hornet (D:9)
  2 wraiths
  11 yaks (D:10)
  A vampire (D:11)
  A basilisk (Lair:1)
  Eustachio (D:5)
  Grum (D:11)
  An acid dragon (D:9)
  Duvessa (D:7)
  3 water moccasins
  2 sky beasts
  3 orc warriors
  An ice beast (D:7)
  2 ogres
  5 wolves
  2 phantoms
  A centaur (D:11)
  5 kobold brigands
  3 bullfrogs
  A gnoll sergeant (D:8)
  A scorpion (D:4)
  2 cane toad simulacra (IceCv)
  5 wights
  Dowan (D:7)
  17 killer bees
  2 electric eels (D:10)
  4 bombardier beetles
  4 orc priests
  8 hounds
  4 iguanas
  2 jellies (D:7)
  8 orc wizards
  Natasha (twice) (D:3)
  11 gnolls
  7 adders
  5 ufetubi
  3 dart slugs
  2 ribbon worms
  24 orcs
  7 bats
  7 endoplasms
  4 giant cockroaches
  9 goblins
  7 hobgoblins
  3 jackals (D:4)
  43 kobolds
  7 quokkas
  8 ball pythons
  4 frilled lizards
  7 rats
281 creatures vanquished.

Vanquished Creatures (others)
  A killer bee (D:9)
1 creature vanquished.

Grand Total: 282 creatures vanquished

Notes
Turn   | Place    | Note
-------+----------+-------------------------------------------
     0 | D:1      | Esekla the Demonspawn Wanderer began the quest for the Orb.
     0 | D:1      | Esekla set off with the following items: a +0 club, a +0
                  | ring mail, a potion of mutation, a +2 buckler; and the
                  | following spell memorised: Sting; and the following spells
                  | available to memorise: Mephitic Cloud.
     0 | D:1      | Reached XP level 1. HP: 16/16 MP: 3/3
   154 | D:1      | Gained mutation: You are partially covered in rugged brown
                  | scales. (AC +1, +3% HP) [demonic ancestry]
   154 | D:1      | Reached XP level 2. HP: 16/22 MP: 5/5
   217 | D:1      | Found a faded altar of an unknown god.
   571 | D:1      | Reached XP level 3. HP: 27/27 MP: 3/6
   857 | D:1      | Learned a level 3 spell: Mephitic Cloud
   921 | D:2      | Reached skill level 1 in Conjurations
  1247 | D:2      | Identified the +1 chain mail of a Gauntlet {Int+3}
  1482 | D:2      | Reached skill level 1 in Air Magic
  1578 | D:2      | Reached XP level 4. HP: 35/35 MP: 5/7
  1738 | D:2      | Reached skill level 1 in Axes
  2326 | D:3      | Reached skill level 2 in Conjurations
  2326 | D:3      | Gained mutation: You have large cloven feet. [demonic
                  | ancestry]
  2326 | D:3      | Reached XP level 5. HP: 34/40 MP: 4/8
  2719 | D:3      | Noticed Natasha
  2777 | D:3      | Killed Natasha
  2981 | D:3      | Found a broken altar of Ashenzari.
  2993 | D:3      | Became a worshipper of Ashenzari the Shackled
  3075 | D:3      | Noticed Natasha
  3082 | D:3      | Killed Natasha
  3212 | D:4      | Noticed an ogre
  3260 | D:4      | Killed an ogre
  3261 | D:4      | Reached XP level 6. HP: 21/47 MP: 6/10
  3691 | D:5      | Entered Level 5 of the Dungeon
  3843 | D:5      | Noticed an ice beast
  3994 | D:4      | Reached skill level 1 in Dodging
  3994 | D:4      | Reached XP level 7. HP: 20/53 MP: 7/11
  4240 | D:4      | Reached skill level 3 in Conjurations
  4404 | D:4      | Found an opulent altar of Gozag.
  4405 | D:4      | Identified the +1 pair of gloves "Ynib" {rPois rC+}
  4430 | D:4      | Found Taezxomit's Armour Shop.
  4909 | D:5      | Noticed Eustachio
  4937 | D:5      | Found a large runed translucent door.
  4938 | D:5      | Killed Eustachio
  5052 | D:5      | Found a large runed translucent door.
  5054 | D:5      | Noticed petzl's ghost (novice FoDe)
  5157 | D:5      | Reached * piety under Ashenzari
  5225 | D:5      | Reached XP level 8. HP: 48/59 MP: 13/13
  5645 | D:5      | Reached skill level 1 in Long Blades
  5880 | D:5      | Reached ** piety under Ashenzari
  6287 | D:5      | Reached skill level 4 in Conjurations
  6746 | D:7      | Found a staircase to the Ecumenical Temple.
  6755 | Temple   | Entered the Ecumenical Temple
  6791 | D:7      | Noticed a troll
  6810 | D:7      | Killed a troll
  6811 | D:7      | Reached skill level 1 in Stealth
  6945 | D:7      | Gained mutation: You may rarely emit foul miasma when
                  | damaged in melee. [demonic ancestry]
  6945 | D:7      | Reached XP level 9. HP: 67/67 MP: 5/15
  7056 | D:7      | Found Ilom's Distillery.
  7181 | D:7      | Noticed Duvessa
  7182 | D:7      | Noticed Dowan
  7192 | D:7      | Killed Duvessa
  7200 | D:7      | Killed Dowan
  7394 | D:7      | Noticed a troll
  7406 | D:7      | Killed a troll
  7813 | D:8      | Found a runed translucent gate.
  7813 | D:8      | Found a runed translucent gate.
  7813 | D:8      | Found a runed translucent gate.
  7813 | D:8      | Noticed a purple ugly thing
  7923 | D:8      | Reached skill level 5 in Conjurations
  8312 | D:8      | Noticed a red ugly thing
  8313 | D:8      | Noticed a red ugly thing
  8313 | D:8      | Noticed a green ugly thing
  8335 | D:8      | Found a shadowy altar of Dithmenos.
  8415 | D:8      | Reached skill level 5 in Spellcasting
  8673 | D:9      | Found a staircase to the Orcish Mines.
  8766 | D:9      | Reached skill level 5 in Fighting
  8766 | D:9      | Reached skill level 5 in Alchemy
  9094 | D:8      | Upgraded the game from 0.32-a0-928-g1cae6b7ea0 to
                  | 0.32-a0-931-g5a2cda0630
  9250 | D:9      | Found Uptuimi's Neck Hole.
  9418 | D:9      | Gained mutation: A meltable shield of frost defends you.
                  | (SH +4) [demonic ancestry]
  9418 | D:9      | Reached XP level 10. HP: 34/76 MP: 16/18
  9884 | D:10     | Entered Level 10 of the Dungeon
  9985 | D:10     | Noticed a two-headed ogre
 10243 | D:10     | Found a staircase to the Lair.
 10263 | D:10     | Reached skill level 6 in Conjurations
 10265 | D:10     | Reached skill level 5 in Air Magic
 10348 | D:10     | Killed a two-headed ogre
 10633 | D:10     | Reached skill level 5 in Long Blades
 10659 | D:10     | Found a sacrificial altar of Ru.
 10661 | D:10     | Found an ancient bone altar of Kikubaaqudgha.
 10697 | D:10     | Found a burning altar of Makhleb.
 10709 | D:10     | Reached skill level 1 in Throwing
 10887 | D:10     | Reached XP level 11. HP: 77/83 MP: 20/20
 11027 | D:11     | Noticed Grum
 11173 | D:11     | Identified the +2 sling "Veykar" {freeze, rN+ SInv}
 11234 | D:11     | Killed Grum
 11404 | D:11     | Noticed Urug
 11409 | D:11     | Noticed a two-headed ogre
 11426 | D:11     | Killed Urug
 11427 | D:11     | Reached skill level 1 in Short Blades
 11447 | D:11     | Killed a two-headed ogre
 11489 | D:11     | Identified the cursed +0 helmet "Per Aspera Ad Scientiam"
                  | {Dev, Range} (You found it on level 3 of the Dungeon)
 11710 | D:11     | Reached skill level 7 in Conjurations
 11732 | D:11     | Noticed Harold
 11757 | D:11     | Killed Harold
 12144 | Lair:1   | Entered Level 1 of the Lair of Beasts
 12250 | Lair:1   | Found a frozen archway.
 12305 | IceCv    | Entered an ice cave
 12305 | IceCv    | Noticed a white ugly thing
 12313 | IceCv    | Found a transporter.
 12313 | IceCv    | Found a transporter.
 12313 | IceCv    | Noticed a white ugly thing
 12329 | IceCv    | HP: 3/127 [cane toad simulacrum (10)]
 12333 | IceCv    | Slain by a white ugly thing

Illustrated notes

Levels and vault maps discovered:
D:1:      arrival_zaba_pyramid, layout_basic, basic_ecumenical_altar,
          kennysheep_decorative_pillar, minivault_24, chequers_mini_garden
D:2:      layout_rooms
D:3:      cheibrodos_helix_gallery, layout_basic,
          mainiacjoe_overflow_six_doors_small, hex_intersection, dk_vineyard_1,
          uniq_natasha
D:4:      cheibrodos_barr_body, layout_basic, nicolae_gozag_seed_capital,
          serial_shops, shop
D:5:      layout_basic, ebering_ghost_disaster_area,
          minmay_misc_feat_nine_boxes, kennysheep_dice, uniq_eustachio
D:6:      layout_rooms
D:7:      layout_gridville, minmay_temple_entry_statues_fountains, serial_shops,
          shop, uniq_duvessa
D:8:      layout_gridville, nicolae_dithmenos_through_a_glass_darkly,
          ploomutoo_gammafunk_ghost_potion_laboratory
D:9:      layout_loops_ring, orc_0_dummy, serial_aquarium,
          aquarium_bridge_straight [aquarium_subvault_bridge,
          aquarium_subvault_balcony, aquarium_subvault_bridge,
          aquarium_subvault_wall], aquarium_window_2, aquarium_window_1,
          aquarium_view_2c, aquarium_view_2d, aquarium_balcony_5b,
          aquarium_pool_side, nicolae_shop_sticking_my_neck_out
D:10:     layout_irregular_city, grunt_temple_overflow_open, erik_lair_island,
          bh_walls_and_bars
D:11:     cheibrodos_elevator_heist, layout_long_grid,
          kennysheep_generic_room_6, uniq_harold, uniq_urug, uniq_grum
Temple:   nicolae_temple_bog_church
Lair:1:   layout_regular_city, portal_ice_cave_rime,
          chequers_serial_rivers_micro_e, grunt_megastairs_5,
          infiniplex_staircase_pool, uniq_joseph
IceCv:    ice_cave_statue_garden_transporter

Skill      XL: |  1  2  3  4  5  6  7  8  9 10 11 |
---------------+----------------------------------+-----
Shields        | 2 3 4 |  4.9
Conjurations   | 1 2 3 4 5 6 7 |  7.3
Air Magic      | 1 2 3 4 5 6 |  6.1
Axes           | 1 2 |  2.8
Spellcasting   | 3 4 5 6 |  6.7
Fighting       | 3 4 5 6 |  6.8
Dodging        | 1 2 3 |  3.5
Alchemy        | 3 5 6 |  6.6
Long Blades    | 2 3 5 |  5.7
Stealth        | 1 3 4 |  4.4
Throwing       | 1 |  1.4
Short Blades   | 1 |  1.2
Maces & Flails | |  0.3
Armour         | |  1.7

Action                     |  1- 3 |  4- 6 |  7- 9 | 10-12 || total
---------------------------+-------+-------+-------+-------++-------
  Melee: Club              |    17 |       |       |       ||    17
         Hand axe          |   119 |   161 |    64 |       ||   344
         Whip              |    15 |       |       |       ||    15
         Kick              |       |    34 |    79 |   109 ||   222
         Falchion          |       |       |   196 |   213 ||   409
         Dagger            |       |       |    39 |    47 ||    86
         Double sword      |       |       |       |    33 ||    33
  Throw: Boomerang         |       |     2 |     1 |    12 ||    15
         Dart              |       |       |     2 |    13 ||    15
   Cast: Sting             |    17 |    53 |   117 |    50 ||   237
         Mephitic Cloud    |       |       |    27 |    29 ||    56
 Invoke: Curse Item        |       |     1 |     3 |     1 ||     5
         Shatter the Chain |       |       |       |     1 ||     1
  Evoke: Wand              |       |       |       |     1 ||     1
    Use: Scroll            |       |     4 |     2 |     4 ||    10
         Potion            |       |     2 |     2 |     6 ||    10
   Stab: Confused          |       |       |    10 |    25 ||    35
         Sleeping          |       |       |     2 |     1 ||     3
 Armour: Ring mail         |    39 |       |       |       ||    39
         Leather armour    |    47 |   135 |   158 |       ||   340
         Robe              |       |       |    39 |   146 ||   185
         Skin              |       |       |       |     2 ||     2
  Dodge: Dodged            |    69 |    77 |   165 |   118 ||   429
  Block: Buckler           |    39 |    64 |   121 |   158 ||   382

Table legend: (Time is in decaauts)
 A = Elapsed time spent in this place.
 B = Non-inter-level travel time spent in this place.
 C = Inter-level travel time spent in this place.
 D = Time resting spent in this place.
 E = Time spent auto-exploring this place.
 F = Levels seen in this place.
 G = Mean time per level.
                   A        B        C        D        E       F      G
               +--------+--------+--------+--------+--------+-----+--------+
         Total |  12499 |  12080 |    419 |   2491 |   4074 |  14 |  892.8 |
       Dungeon |  12308 |  11889 |    419 |   2491 |   4074 |  11 | 1118.9 |
        Temple |      1 |      1 |      0 |      0 |      0 |   1 |    1.0 |
          Lair |    162 |    162 |      0 |      0 |      0 |   1 |  162.0 |
      Ice Cave |     26 |     26 |      0 |      0 |      0 |   1 |   26.0 |
               +--------+--------+--------+--------+--------+-----+--------+

Top non-repeatable levels by time:
     D:4: 1634 daAuts
     D:5: 1513 daAuts
     D:3: 1254 daAuts
     D:9: 1230 daAuts
     D:1: 1150 daAuts
    D:11: 1115 daAuts
    D:10: 1100 daAuts
     D:8: 1084 daAuts
     D:7: 955 daAuts
     D:2: 754 daAuts
     D:6: 515 daAuts
  Lair:1: 162 daAuts
   IceCv: 26 daAuts
  Temple: 1 daAuts
